 Dungeon Crawl Stone Soup version 0.20-a0-351-gc9b4002 (webtiles) character file.

4207 Duffy the Blocker (level 10, -5/64 HPs)
             Began as a Halfling Fighter on Dec 25, 2016.
             Slain by an orc warrior
             ... wielding a +0 flail
              (13 damage)
             ... on level 6 of the Dungeon.
             The game lasted 00:10:11 (9334 turns).

Duffy the Blocker (Halfling Fighter)                Turns: 9334, Time: 00:10:12

Health: -5/64      AC: 13    Str: 20    XL:     10   Next: 54%
Magic:  14/14      EV:  6    Int: 11    God:
Gold:   445        SH: 12    Dex: 15    Spells: 9/9 levels left

rFire  . . .     SeeInvis .     a - +0 war axe
rCold  . . .     Gourm    .     O - +0 plate armour
rNeg   . . .     Faith    .     c - +0 shield
rPois  .         Spirit   .     (no helmet)
rElec  .         Reflect  .     (no cloak)
rCorr  .         Harm     .     e - +0 pair of gloves
MR     .....                    (no boots)
Stlth  ..........               (no amulet)
                                H - +5 ring of intelligence
                                x - ring of flight

@: drained
A: mutation resistance 1
a: Evoke Flight


You were on level 6 of the Dungeon.
You were not hungry.

You visited 1 branch of the dungeon, and saw 7 of its levels.
You also visited: Sewer and Ossuary.

You collected 445 gold pieces.

Inventory:

Hand Weapons
 a - a +0 war axe (weapon)
 q - a +0 morningstar of flaming
Armour
 c - a +0 shield (worn)
 e - a +0 pair of gloves (worn)
 o - a +0 chain mail
 O - a +0 plate armour (worn)
Jewellery
 x - a ring of flight (left hand)
 H - a +5 ring of intelligence (right hand)
Wands
 s - a wand of polymorph (7/24)
 C - a wand of paralysis (4/24)
 J - a wand of digging (17/24)
 M - a wand of iceblast (4/15)
Scrolls
 g - 9 scrolls of remove curse
 i - 2 scrolls of enchant weapon {unknown}
 n - 2 scrolls of fog {unknown}
 t - a scroll of noise {unknown}
 u - 4 scrolls of blinking {unknown}
 v - 2 scrolls of immolation {unknown}
 y - a scroll of random uselessness {unknown}
 E - a scroll of magic mapping {unknown}
 I - a scroll of amnesia {unknown}
 K - 2 scrolls of recharging {unknown}
 L - a scroll of enchant armour {unknown}
Potions
 b - a potion of ambrosia {unknown}
 j - 3 potions of brilliance
 k - a potion of curing
 p - 3 potions of haste {unknown}
 r - 2 potions of heal wounds {unknown}
 w - a potion of magic {unknown}
 A - a potion of cancellation {unknown}
 B - a potion of flight {unknown}
 D - a potion of berserk rage {unknown}
 F - a potion of resistance
 G - a potion of degeneration {unknown}
Comestibles
 f - 4 bread rations
 h - 2 meat rations
 l - a fruit
 m - a beef jerky
 z - a slice of pizza


   Skills:
 - Level 4.3(3.7) Fighting
 + Level 8.3(7.7) Axes
 + Level 6.3(5.7) Armour
 + Level 9.6(8.9) Shields
 - Level 6.5(5.9) Evocations


You had 9 spell levels left.
You didn't know any spells.

Dungeon Overview and Level Annotations

Branches:
Dungeon (7/15)
 Temple: D:4-7

Altars:
Dithmenos
Fedhas
Gozag
Hepliaklqana
Qazlal
Yredelemnul
The Shining One


Innate Abilities, Weirdness & Mutations

You are small and have problems with some larger weapons.
You are somewhat resistant to further mutation.


Message History

The orc warrior is almost dead.
You block the orc warrior's attack.
You barely miss the orc warrior.
The orc warrior is almost dead.
You block the orc warrior's attack.
You hit the orc warrior but do no damage.
The orc warrior is almost dead.
The orc warrior hits you with a flail.
Your shield and plate armour prevent you from hitting the orc warrior.
The orc warrior is almost dead.
The orc warrior hits you with a flail.
You hit the orc warrior but do no damage.
The orc warrior is almost dead.
The orc warrior hits you but does no damage.
You closely miss the orc warrior.
The orc warrior is almost dead.
You hit the orc warrior but do no damage.
The orc warrior is almost dead.
The orc warrior hits you with a flail!
You die...

##+####'###.......##'####......#
.....#....#.......+.....#......#
..........#.......#.....#......#
......#...#.......#.....#......#
##....#####.......#.....#......#
##....# #.......#.....#......#
.#....# #####+###.....#......#
.'....# #....o.########....<.#
.#....# #.....@##.....#......#
.#....# #.#######.....#......#
.#....# #......##.....#......#
.#....# #.............#......#
#.....# #.............#......#
#....## ##.....##.....#......#
###### ##.....##.....#......#
#.............'......#
#.............#......#


You could see an orc warrior.

Vanquished Creatures
  A two-headed ogre (D:7)
  The ghost of azzavlup the Ruffian, an amateur DrTm (D:3)
  Menkaure (D:7)
  Edmund (D:6)
  A water moccasin (D:6)
  The ghost of Yermak the Skirmisher, an amateur VSWn of Makhleb (D:4)
  Duvessa (D:7)
  3 orc warriors
  An ogre (D:4)
  2 necrophages (D:7)
  2 centaurs (D:7)
  4 bullfrogs
  7 elf zombies (Ossuary)
  A scorpion (D:4)
  Dowan (D:7)
  A wight (D:7)
  2 crimson imps (D:6)
  3 human zombies (Ossuary)
  2 centaur zombies (Ossuary)
  A jelly (D:6)
  5 orc priests
  2 centaur skeletons (D:5)
  A hound (D:7)
  8 orc wizards
  2 iguanas
  A bullfrog skeleton (D:6)
  2 worker ants
  Natasha (thrice) (D:3)
  3 mummies (Ossuary)
  2 river rats (D:3)
  5 adders
  14 oozes (Sewer)
  3 worms
  9 leopard geckos
  30 orcs
  16 giant cockroaches
  9 goblins
  5 hobgoblins
  16 jackals
  8 kobolds
  2 quokkas
  13 ball pythons
  11 bats
  18 frilled lizards
  A jackal skeleton (D:6)
  11 rats
237 creatures vanquished.

Notes
Turn   | Place    | Note
-------+----------+-------------------------------------------
     0 | D:1      | Duffy the Halfling Fighter began the quest for the Orb.
     0 | D:1      | Reached XP level 1. HP: 15/15 MP: 1/1
   176 | D:1      | Reached XP level 2. HP: 17/20 MP: 2/2
   565 | D:1      | Reached XP level 3. HP: 23/25 MP: 3/3
   574 | D:1      | Reached skill level 4 in Shields
   971 | D:2      | Reached skill level 3 in Axes
   979 | D:2      | Found a hazy altar of Hepliaklqana.
   996 | D:2      | Reached XP level 4. HP: 30/30 MP: 4/4
  1356 | D:3      | Found an opulent altar of Gozag.
  1357 | D:3      | Found a glowing golden altar of the Shining One.
  1357 | D:3      | Found a shadowy altar of Dithmenos.
  1358 | D:3      | Found a blossoming altar of Fedhas.
  1495 | D:3      | Found a glowing drain.
  1523 | D:3      | Reached XP level 5. HP: 29/35 MP: 5/5
  1536 | Sewer    | Entered a sewer
  1678 | Sewer    | Reached skill level 4 in Axes
  1686 | Sewer    | Reached skill level 4 in Armour
  1929 | Sewer    | Reached XP level 6. HP: 27/41 MP: 6/6
  2293 | Sewer    | Reached skill level 5 in Axes
  2468 | D:3      | Noticed Natasha
  2482 | D:3      | Killed Natasha
  2643 | D:3      | Noticed Natasha
  2671 | D:3      | Killed Natasha
  2671 | D:3      | Reached skill level 5 in Shields
  2712 | D:3      | Reached XP level 7. HP: 25/45 MP: 7/7
  2957 | D:3      | Noticed Natasha
  2964 | D:3      | Killed Natasha
  3033 | D:3      | Noticed azzavlup's ghost (amateur DrTm)
  3536 | D:3      | Killed azzavlup's ghost
  3536 | D:3      | Reached skill level 6 in Axes
  3536 | D:3      | Reached skill level 5 in Armour
  3536 | D:3      | Reached XP level 8. HP: 30/51 MP: 8/8
  3875 | D:4      | Noticed Yermak's ghost (amateur VSWn)
  3888 | D:4      | Killed Yermak's ghost
  4394 | D:4      | Reached skill level 6 in Shields
  4744 | D:4      | Reached skill level 7 in Axes
  4830 | D:5      | Entered Level 5 of the Dungeon
  4958 | D:5      | Reached skill level 1 in Evocations
  4971 | D:5      | Reached skill level 2 in Evocations
  5081 | D:5      | Found a sand-covered staircase.
  5120 | Ossuary  | Entered an ossuary
  5248 | Ossuary  | Reached skill level 3 in Evocations
  5542 | Ossuary  | Reached skill level 4 in Evocations
  5542 | Ossuary  | Reached XP level 9. HP: 51/55 MP: 10/12
  5601 | Ossuary  | Reached skill level 5 in Evocations
  5699 | Ossuary  | Reached skill level 6 in Evocations
  6362 | D:6      | Noticed Edmund
  6377 | D:6      | Reached skill level 3 in Fighting
  6384 | D:6      | Killed Edmund
  7224 | D:6      | Reached skill level 7 in Shields
  7438 | D:6      | Found a basalt altar of Yredelemnul.
  7727 | D:7      | Noticed a two-headed ogre
  7742 | D:7      | Killed a two-headed ogre
  7742 | D:7      | Reached skill level 9 in Shields
  7742 | D:7      | Reached XP level 10. HP: 52/63 MP: 14/14
  8098 | D:7      | Reached skill level 4 in Fighting
  8409 | D:7      | Reached skill level 8 in Axes
  8444 | D:7      | Found a stormy altar of Qazlal.
  8866 | D:7      | Noticed Menkaure
  8874 | D:7      | Killed Menkaure
  8874 | D:7      | Reached skill level 6 in Armour
  9076 | D:7      | Noticed Dowan
  9077 | D:7      | Noticed Duvessa
  9081 | D:7      | Killed Dowan
  9088 | D:7      | Killed Duvessa
  9334 | D:6      | Slain by an orc warrior

Vault maps used:
D:1:      minmay_arrival_open_corners
D:2:      lemuel_doored_altar, first_bread
D:3:      chequers_temple_overflow_statue_of_worship, portal_sewer_entry_a,
          uniq_natasha
D:4:      minmay_fountain_box
D:5:      lightli_ossuary_entry_decrepit_ruins
D:6:      overflow_temple_1_default, uniq_edmund
D:7:      nicolae_whirlpool, nicolae_qazlal_general_emergency, uniq_menkaure,
          uniq_pikel, uniq_duvessa
Sewer:    sewer_frog_island_02
Ossuary:  ossuary_minmay_four_chambers

Skill      XL: |  1  2  3  4  5  6  7  8  9 10 |
---------------+-------------------------------+-----
Shields        | 4 5 6 9 |  9.6
Axes           | 3 4 5 6 7 8 |  8.3
Armour         | 4 5 6 |  6.3
Evocations     | 4 6 |  6.5
Fighting       | 3 4 |  4.3

Action                   |  1- 3 |  4- 6 |  7- 9 | 10-12 || total
-------------------------+-------+-------+-------+-------++-------
Melee: War axe           |   100 |   279 |   554 |   117 ||  1050
Evoke: Wand              |       |       |     5 |       ||     5
  Use: Potion            |       |     2 |     2 |     2 ||     6
       Scroll            |       |       |     5 |       ||     5
 Stab: Paralysed         |       |       |    15 |       ||    15
  Eat: Chunk             |       |     7 |     4 |       ||    11
       Fruit             |       |       |     2 |       ||     2
       Meat ration       |       |       |     3 |       ||     3
       Beef jerky        |       |       |     2 |       ||     2
Armor: Scale mail        |    35 |       |       |       ||    35
       Chain mail        |    28 |   156 |   188 |     8 ||   380
       Skin              |       |       |    13 |    14 ||    27
       Plate armour      |       |       |       |    19 ||    19
Dodge: Dodged            |    44 |    95 |   104 |    21 ||   264
Block: Shield            |    60 |   204 |   241 |    91 ||   596
